 Dungeon Crawl Stone Soup version 0.29.1-15-g9cfb28693d (webtiles) character file.

Game seed: 3328461731325465050

5 jtron the Trooper (level 1, -1/19 HPs)
             Began as a Barachi Fighter on Feb 27, 2023.
             Slain by a kobold
             ... wielding a +0 club
              (4 damage)
             ... on level 1 of the Dungeon.
             The game lasted 00:00:50 (368 turns).

jtron the Trooper (Barachi Fighter)                  Turns: 368, Time: 00:00:51

Health: -1/19      AC:  6    Str: 17    XL:     1   Next: 80%
Magic:  1/1        EV:  9    Int:  8    God:
Gold:   37         SH:  4    Dex: 11    Spells: 0/0 levels left

rFire   . . .      SeeInvis .   a - +0 long sword
rCold   . . .      Faith    .   c - +0 buckler
rNeg    . . .      Spirit   .   b - +0 scale mail
rPois   .          Reflect  .   (no helmet)
rElec   .          Harm     .   (no cloak)
rCorr   .          Rampage  .   (no gloves)
Will    .....                   (no boots)
Stlth   ..........              (no amulet)
HPRegen 0.06/turn               (no ring)
MPRegen 0.07/turn               (no ring)

@: mighty, slow
A: amphibious, slowness 1, strong legs 1, +LOS
a: Hop


You were on level 1 of the Dungeon.
You visited 1 branch of the dungeon, and saw 1 of its levels.

You collected 37 gold pieces.

Inventory:

Hand Weapons
 a - a +0 long sword (weapon)
Armour
 b - a +0 scale mail (worn)
 c - a +0 buckler (worn)
Jewellery
 e - an amulet of guardian spirit
 h - a ring of magical power
Scrolls
 f - 2 scrolls of teleportation {unknown}
Potions
 g - a potion of heal wounds {unknown}


   Skills:
 * Level 4.0 Fighting
 + Level 2.4 Long Blades
 + Level 3.6 Armour
 + Level 0.4 Dodging
 - Level 3.2 Shields


You couldn't memorise any spells.
You didn't know any spells.
Your spell library was empty.

Dungeon Overview and Level Annotations

Branches:
Dungeon (1/15)

Altars:

Shops:
D:1 *


Innate Abilities, Weirdness & Mutations

You are amphibious.
You cover ground slowly.
You can hop short distances.
You have an extended range of vision and can be seen from far away.


Message History

The ball python bites you. The ball python constricts you.
The ball python bites you. The ball python constricts you.
The kobold hits you but does no damage.
You barely miss the ball python.
The ball python is severely wounded.
The ball python bites you but does no damage.
The ball python constricts you. The kobold hits you but does no damage.
You closely miss the ball python.
The ball python is severely wounded.
You block the ball python's attack. The ball python constricts you.
The kobold hits you but does no damage. The ball python bites you.
The ball python constricts you.
You are too injured to fight recklessly!
You are too injured to fight recklessly!
The ball python's grasp on you weakens, but your attempt to escape fails.
The kobold barely misses you.
The ball python bites you but does no damage.
The ball python constricts you.
You barely miss the ball python.
The ball python is severely wounded.
The kobold barely misses you.
The ball python bites you but does no damage.
The ball python constricts you. The kobold hits you but does no damage.
The ball python barely misses you. The ball python constricts you.
You feel very mighty all of a sudden. The ball python bites you.
* * * LOW HITPOINT WARNING * * *
The ball python constricts you. The kobold hits you with a +0 club.
* * * LOW HITPOINT WARNING * * *
You closely miss the ball python.
The ball python is severely wounded.
The ball python bites you but does no damage.
The ball python constricts you. The kobold barely misses you.
You hit the ball python.
You kill the ball python!
The kobold barely misses you.
You barely miss the kobold.
The kobold hits you but does no damage. x2
You closely miss the kobold. The kobold closely misses you.
You barely miss the kobold. The kobold hits you with a +0 club.
You die...

....#
####+########...#
...
............#....
.#
.............(.∩
.# .............#
.# ........... .#
........# ##
#......# ####
#.K.†..# ...#
#######@..# .#.##
#.......###
+#..## #......##
..#... #.....##
..#..# #.....#
..#..### #.....#
..#....###.....#
.##.##.........#
.........>.....#


You could see a kobold.

Vanquished Creatures
  A bat (D:1)
  A hobgoblin (D:1)
  A kobold (D:1)
  2 ball pythons (D:1)
5 creatures vanquished.

Notes
Turn   | Place    | Note
-------+----------+-------------------------------------------
     0 | D:1      | jtron the Barachi Fighter began the quest for the Orb.
     0 | D:1      | Reached XP level 1. HP: 18/18 MP: 1/1
     0 | D:1      | Noticed an electric eel
   246 | D:1      | Reached skill level 4 in Fighting
   356 | D:1      | Found Nesearch's Assorted Antiques.
   368 | D:1      | Slain by a kobold

Illustrated notes

Levels and vault maps discovered:
D:1:      arrival_aquarium_a, layout_basic, serial_shops, shop

Skill      XL: |  1 |
---------------+----+-----
Fighting       | 4 |  4.0
Long Blades    | |  2.4
Armour         | |  3.6
Dodging        | |  0.4
Shields        | |  3.2

Action                   || total
-------------------------++-------
Melee: Long sword        ||    27
Throw: Javelin           ||     4
  Use: Potion            ||     1
Armor: Scale mail        ||    18
Dodge: Dodged            ||    17
Block: Buckler           ||     9
